 Dungeon Crawl Stone Soup version 0.28-a0-1493-g08698888e4 (webtiles) character file.

Game seed: 2710231209979898737

81 Zonian the Magician (level 4, 0/31 HPs)
             Began as a Djinni Ice Elementalist on Jan 13, 2022.
             Slain by Pargi (1 damage)
             ... in a sewer.
             The game lasted 00:06:05 (3649 turns).

Zonian the Magician (Djinni Ice Elementalist)       Turns: 3649, Time: 00:06:06

Health: 0/31       AC:  2    Str:  7    XL:     4   Next: 67%
Gold:   81         EV: 13    Int: 18    God:
                   SH:  0    Dex: 14

rFire   + + .      SeeInvis .   e - +0 dagger
rCold   x . .      Faith    .   (no shield)
rNeg    . . .      Spirit   .   a - +0 robe
rPois   ∞          Reflect  .   (no helmet)
rElec   .          Harm     .   (no cloak)
rCorr   .          Rampage  .   (no gloves)
Will    .....                   (boots unavailable)
Stlth   ++........              (no amulet)
HPRegen 0.10/turn               (no ring)
MPRegen 0.00/turn               (no ring)

@: flying
A: sickness immunity, fire resistance 2, cold vulnerability 1, float, innate
caster, hp casting, extra vitality 1
a: no special abilities


You were in a sewer.
You visited 1 branch of the dungeon, and saw 3 of its levels.
You also visited: Sewer.

You collected 81 gold pieces.

Inventory:

Hand Weapons
 e - a +0 dagger (weapon)
Armour
 a - a +0 robe (worn)
Potions
 b - 2 potions of curing


   Skills:
 + Level 3.3 Dodging
 + Level 2.6 Stealth
 + Level 3.7 Spellcasting


You couldn't memorise any spells.
You knew the following spells:

 Your Spells              Type           Power      Damage    Failure   Level
a - Freeze                Ice            64%        1d8       3%          1
b - Frozen Ramparts       Ice            32%        1d5       10%         3
c - Ozocubu's Armour      Ice            16%        N/A       10%         3
d - Hailstorm             Conj/Ice       16%        3d6       32%         4
e - Summon Small Mammal   Summ           64%        N/A       3%          1
Your spell library was empty.

Dungeon Overview and Level Annotations

Branches:
Dungeon (3/15)              Sewer (1/1)

Altars:

Annotations:
Sewer Pargi


Innate Abilities, Weirdness & Mutations

You are immune to sickness and miasma.
You are immune to poison.
Your flesh is very heat resistant. (rF++)
You are vulnerable to cold. (rC-)
You float through the air rather than walking.
You learn spells naturally, not from books.
Your magical power is your life essence.
You have superior vitality. (+4 MHP)


Message History

Pargi is moderately wounded.
Pargi barely misses you. Pargi claws you. x2
You freeze Pargi.
Pargi is moderately wounded.
Pargi bites you. Pargi claws you. Pargi barely misses you.
You freeze Pargi!
Pargi is heavily wounded.
Pargi clenches his claws.
Pargi bites you. Pargi closely misses you. Pargi barely misses you.
You freeze Pargi!
Pargi is severely wounded.
Pargi barely misses you. Pargi closely misses you. Pargi claws you.
You are too injured to fight recklessly!
Casting: Freeze (safe; 3% risk of failure)
Confirm with . or Enter, or press ? or * to list all spells.
Aiming: Freeze (safe; 3% risk of failure)
Press: ? - help, Shift-Dir - straight line, f/p - Pargi
Aim: Pargi (severely wounded)
You freeze Pargi.
Pargi is almost dead.
Pargi closely misses you. Pargi claws you.
* * * LOW HITPOINT WARNING * * *
Pargi claws you.
* * * LOW HITPOINT WARNING * * *
Blink to where?
Press: ? - help, Dir - move target, f - you, p - Pargi Are you sure you want to cancel this blink?
Okay, then.
As you read the scroll labelled LYTAOC CIREYG, it crumbles to dust.
It was a scroll of blinking.
As you read the scroll labelled AMEOFA GEODO, it crumbles to dust.
The creatures around you are filled with an inner flame!
It was a scroll of immolation.
As you read the scroll labelled CEUPIMESCHA, it crumbles to dust.
The scroll dissolves into smoke.
It was a scroll of fog.
Unknown command.
Pargi bites you!
* * * LOW HITPOINT WARNING * * *
Pargi claws you.
You die...

#≈≈≈≈≈≈≈≈.#
##≈≈≈≈≈≈≈≈##
##≈≈≈≈≈≈≈≈##
##≈≈≈≈≈≈≈..# #
#≈≈≈≈≈≈≈≈≈.#
#≈≈≈≈≈≈≈≈≈≈##
##≈≈≈≈≈≈§§≈.# #
##≈≈≈≈≈§§§T## .# #
##≈≈≈≈§§@§§####≈#.#
#≈≈≈≈§§§§≈§≈≈≈≈≈≈##
##≈≈≈§§§§§≈§≈≈≈≈≈≈.
##≈≈§§§§§≈≈≈≈≈≈≈≈≈
##≈≈≈≈≈≈≈≈≈≈≈≈≈≈≈
###≈≈≈≈≈≈≈≈≈≈≈≈≈
#≈≈≈≈≈≈≈≈≈≈≈≈≈
##≈≈≈≈≈≈≈≈≈≈≈≈
###≈≈≈≈≈≈≈≈≈≈


You could see Pargi (inner flame).

Vanquished Creatures
  2 adders (D:2)
  A river rat (D:3)
  A dart slug (D:2)
  An orc (D:3)
  3 bats
  3 endoplasms
  2 giant cockroaches
  5 goblins
  3 hobgoblins
  5 jackals
  2 kobolds (D:2)
  4 quokkas
  6 ball pythons
  7 frilled lizards
  5 rats
50 creatures vanquished.

Notes
Turn   | Place    | Note
-------+----------+-------------------------------------------
     0 | D:1      | Zonian the Djinni Ice Elementalist began the quest for the
                  | Orb.
     0 | D:1      | Reached XP level 1. HP: 15/15 MP: 0/0
   450 | D:1      | Reached XP level 2. HP: 18/21 MP: 0/0
  1258 | D:1      | Found a faded altar of an unknown god.
  1343 | D:2      | Reached XP level 3. HP: 18/25 MP: 0/0
  1343 | D:2      | Learned a level 1 spell: Summon Small Mammal
  2630 | D:2      | Reached XP level 4. HP: 20/31 MP: 0/0
  3317 | D:3      | Found a glowing drain.
  3321 | Sewer    | Entered a sewer
  3340 | Sewer    | Noticed Pargi
  3649 | Sewer    | HP: 1/31 [Pargi (7)]
  3649 | Sewer    | Slain by Pargi

Illustrated notes

Levels and vault maps discovered:
D:1:      dpeg_arrival_stonehenge_12_columns, layout_basic,
          shapermc_ecumenical_altar_hornbeckon, minmay_crystal_water,
          kennysheep_doodads
D:2:      minmay_wonky_spiral, layout_rooms
D:3:      layout_basic, mainiacjoe_overflow_cross_hatched, gup_sewer_entry_bowl
Sewer:    sewer_co_pargi_island

Skill      XL: |  1  2  3 |
---------------+----------+-----
Stealth        | 2 |  2.6
Dodging        | 3 |  3.3
Spellcasting   | |  3.7

Action                   |  1- 3 |  4- 6 || total
-------------------------+-------+-------++-------
Melee: Unarmed           |    11 |       ||    11
       Dagger            |     9 |    20 ||    29
       Punch             |       |     1 ||     1
 Cast: Freeze            |    43 |    22 ||    65
       Ozocubu's Armour  |       |     1 ||     1
  Use: Scroll            |       |     5 ||     5
 Stab: Sleeping          |     2 |     5 ||     7
Armor: Robe              |    16 |     3 ||    19
Dodge: Dodged            |    37 |    28 ||    65

Table legend: (Time is in decaauts)
 A = Elapsed time spent in this place.
 B = Non-inter-level travel time spent in this place.
 C = Inter-level travel time spent in this place.
 D = Time resting spent in this place.
 E = Time spent auto-exploring this place.
 F = Levels seen in this place.
 G = Mean time per level.
                   A        B        C        D        E       F      G
               +--------+--------+--------+--------+--------+-----+--------+
         Total |   3649 |   3562 |     87 |   1547 |   1583 |   4 |  912.2 |
       Dungeon |   3322 |   3235 |     87 |   1317 |   1570 |   3 | 1107.3 |
         Sewer |    327 |    327 |      0 |    230 |     13 |   1 |  327.0 |
               +--------+--------+--------+--------+--------+-----+--------+

Top non-repeatable levels by time:
     D:1: 1774 daAuts
     D:2: 1315 daAuts
   Sewer: 327 daAuts
     D:3: 232 daAuts
